 Dungeon Crawl Stone Soup version 0.18-a0-1225-g5d63bca (webtiles) character file.

356 M4edhros the Shield-Bearer (level 6, -1/42 HPs)
             Began as an Octopode Artificer on Feb 3, 2016.
             Was a Follower of Fedhas.
             Slain by a mummy (20 damage)
             ... in an ossuary.
             The game lasted 00:06:40 (2498 turns).

M4edhros the Shield-Bearer (Octopode Artificer)     Turns: 2498, Time: 00:06:41

Health: -1/42      AC:  1    Str: 10    XL:     6   Next: 63%
Magic:  8/8        EV:  8    Int: 17    God:    Fedhas [*.....]
Gold:   124        SH: 13    Dex: 12    Spells: 0 memorised, 5 levels left

rFire  . . .     SeeInvis .     h - +3 short sword (holy)
rCold  . . .     Gourm    .     i - +1 large shield
rNeg   . . .     Faith    .     (helmet restricted)
rPois  .         Spirit   .     (no amulet)
rElec  .         Dismiss  .     (no ring)
rCorr  .         Reflect  .     (no ring)
SustAt .         Harm     .     (no ring)
MR     .....                    (no ring)
Stlth  +++.......               (no ring)
                                (no ring)
                                (no ring)
                                (no ring)

@: not resistant to hostile enchantments, fairly stealthy
A: almost no armour, amphibious, 8 rings, constrict 8, camouflage 1, gelatinous
body 1
a: Evolution, Renounce Religion


You were in an ossuary.
You worshipped Fedhas.
Fedhas was aware of your devotion.
You were hungry.

You visited 2 branches of the dungeon, and saw 5 of its levels.
You also visited: Ossuary.

You collected 124 gold pieces.

Inventory:

Hand Weapons
 h - a +3 short sword of holy wrath (weapon)
 s - a +1 hunting sling
Missiles
 j - 15 sling bullets
 o - 27 stones (quivered)
Armour
 i - a +1 large shield (worn)
Jewellery
 t - an uncursed ring of ice
Wands
 b - a wand of flame (4/48)
 c - a wand of enslavement (6/24)
 d - a wand of random effects (25/48)
Scrolls
 r - 3 scrolls of amnesia
Comestibles
 f - a bread ration
 g - 3 beef jerkies


   Skills:
 + Level 3.6 Fighting
 - Level 1.0 Short Blades
 + Level 2.3 Slings
 - Level 2.4 Dodging
 - Level 2.3 Stealth
 + Level 3.8 Shields
 - Level 3.5 Evocations


You had 5 spell levels left.
You didn't know any spells.

Dungeon Overview and Level Annotations

Branches:
Dungeon (4/15)             Temple (1/1) D:4

Altars:
Cheibriados
Fedhas
Kikubaaqudgha
Makhleb
Qazlal
Ru
Sif Muna
Trog
Xom
Yredelemnul
Zin

Annotations:
D:4 Edmund


Innate Abilities, Weirdness & Mutations

You cannot wear most types of armour.
You are amphibious.
You can wear up to eight rings at the same time.
You can use your tentacles to constrict eight enemies at once.
Your skin changes colour to match your surroundings (Stealth).
Your rubbery body absorbs attacks (AC +1).


Message History

You shoot a stone. The stone hits the mummy.
The mummy is lightly damaged.
Wield which item (- for none, * to show all)? (? for menu, Esc to quit)
It softly glows with a divine radiance!
h - a +3 short sword of holy wrath (weapon)
You hit the mummy.
The mummy convulses.
You grab the mummy.
The mummy is heavily damaged.
You constrict the mummy. You hit the mummy.
The mummy convulses.
You destroy the mummy!
o - 27 stones (gained 1) 2 mummies come into view.
The mummy hits you!!
You hit the mummy.
The mummy convulses.
Your grab misses the mummy.
The mummy is severely damaged.
You hit the mummy.
The mummy convulses.
You grab the mummy.
The mummy is almost destroyed.
You constrict the mummy. The mummy hits you!!
You die...
Fedhas appreciates your contribution to the ecosystem.

.# .M #### M..
... ##..## ....
....##....##....
........M.......
.......@.......
..............#
+##........##+#
##......##
##....## #....#
#....# #....#
#....#


You could see a mummy.

Vanquished Creatures
  An orc priest (D:4)
  A giant frog skeleton (D:4)
  2 orc wizards (D:4)
  A centaur skeleton (D:4)
  An iguana (D:3)
  3 mummies (Ossuary)
  3 gnolls (D:2)
  5 adders
  2 oozes (D:1)
  A worm (D:3)
  6 orcs
  2 bats
  3 giant cockroaches
  A goblin (D:1)
  6 hobgoblins
  A quokka (D:2)
  3 giant newts
  4 hobgoblin skeletons (Ossuary)
  6 kobolds
  4 kobold skeletons (Ossuary)
  5 rats
61 creatures vanquished.

Vanquished Creatures (others)
  An orc priest (D:4)
  A gnoll (D:2)
  4 toadstools (D:4)
6 creatures vanquished.

Grand Total: 67 creatures vanquished

Notes
Turn   | Place    | Note
--------------------------------------------------------------
     0 | D:1      | M4edhros the Octopode Artificer began the quest for the Orb.
     0 | D:1      | Reached XP level 1. HP: 13/13 MP: 3/3
    40 | D:1      | Reached XP level 2. HP: 18/18 MP: 4/4
   535 | D:2      | Reached skill level 1 in Shields
   535 | D:2      | Reached XP level 3. HP: 23/23 MP: 5/5
   947 | D:2      | Reached XP level 4. HP: 29/29 MP: 6/6
  1277 | D:3      | Reached XP level 5. HP: 10/35 MP: 7/7
  1662 | D:3      | Found a sacrificial altar of Ru.
  1928 | D:4      | Found a sand-covered staircase.
  2022 | D:4      | Reached skill level 1 in Slings
  2183 | D:4      | Reached XP level 6. HP: 11/42 MP: 8/8
  2202 | D:4      | Found a staircase to the Ecumenical Temple.
  2210 | Temple   | Entered the Ecumenical Temple
  2260 | Temple   | Became a worshipper of Xom of Chaos
  2298 | Temple   | Fell from the grace of Xom
  2298 | Temple   | Became a worshipper of Fedhas Madash
  2317 | D:4      | Noticed Edmund
  2388 | Ossuary  | Entered an ossuary
  2462 | Ossuary  | Reached * piety under Fedhas
  2498 | Ossuary  | Slain by a mummy

Vault maps used:
D:1:      dpeg_arrival_chambers_temple_mockup, minmay_tree_intersection
D:2:      lemuel_flame_loot_1
D:3:      lemuel_round_altar, uniq_terence, uniq_crazy_yiuf_cottage
D:4:      old_standard_altar, temple_statues, nicolae_ossuary_entry_monument,
          uniq_edmund, uniq_menkaure, uniq_eustachio
Temple:   eino_narrow_crystal_temple_a_12
Ossuary:  ossuary_tomb_3

Action                   |  1- 3 |  4- 6 || total
-------------------------+-------+-------++-------
Melee: Short sword       |    44 |    76 ||   120
 Fire: Hunting sling     |       |     6 ||     6
Evoke: Wand              |       |    29 ||    29
  Use: Scroll            |       |     7 ||     7
       Potion            |       |     5 ||     5
 Stab: Sleeping          |     7 |     5 ||    12
  Eat: Chunk             |       |     3 ||     3
       Pizza             |       |     1 ||     1
